 Dungeon Crawl Stone Soup version 0.19-a0-1049-g462a813 (webtiles) character file.

168 Gagarin the Firebug (level 5, -13/39 HPs)
             Began as a Draconian Fire Elementalist on July 31, 2016.
             Engulfed by a cloud of flame (20 damage)
             ... on level 3 of the Dungeon.
             The game lasted 00:09:37 (2675 turns).

Gagarin the Firebug (Draconian Fire Elementalist)   Turns: 2675, Time: 00:09:38

Health: -13/39     AC:  5    Str: 11    XL:     5   Next: 23%
Magic:  1/9        EV: 12    Int: 16    God:
Gold:   81         SH:  0    Dex: 11    Spells: 3 memorised, 2 levels left

rFire  . . .     SeeInvis .     n - +0 falchion
rCold  . . .     Gourm    .     (armour unavailable)
rNeg   . . .     Faith    .     (no shield)
rPois  .         Spirit   .     (helmet restricted)
rElec  .         Dismiss  .     (no cloak)
rCorr  .         Reflect  .     (no gloves)
SustAt .         Harm     .     (no boots)
MR     .....                    (no amulet)
Stlth  ++........               (no ring)
                                (no ring)

@: very slightly contaminated, not resistant to hostile enchantments, unstealthy
A: unfitting armour, cold-blooded, AC +5
a: no special abilities


You were on level 3 of the Dungeon.
You were not hungry.

You visited 1 branch of the dungeon, and saw 3 of its levels.

You collected 81 gold pieces.

Inventory:

Hand Weapons
 n - a +0 falchion (weapon)
Missiles
 k - 26 arrows
Armour
 f - a cursed +0 pair of gloves
Jewellery
 h - an uncursed amulet of faith {unknown}
 r - a +3 ring of dexterity {unknown}
Scrolls
 g - 2 scrolls of identify {unknown}
 i - a scroll of blinking {unknown}
 j - a scroll of teleportation {unknown}
 l - 2 scrolls of enchant armour {unknown}
 o - a scroll of remove curse {unknown}
 q - a scroll of enchant weapon {unknown}
Potions
 d - a potion of magic {unknown}
 e - 3 potions of curing
 m - a potion of berserk rage {unknown}
Books
 a - a book of Flames

   Spells                             Type                      Level
   a - Flame Tongue                   Conjuration/Fire             1
   b - Throw Flame                    Conjuration/Fire             2
   c - Conjure Flame                  Conjuration/Fire             3
   d - Inner Flame                    Hexes/Fire                   3
   e - Sticky Flame                   Conjuration/Fire             4
   f - Fireball                       Conjuration/Fire             5
Comestibles
 b - 3 bread rations
 c - 6 chunks of flesh
 p - 2 beef jerkies


   Skills:
 + Level 0.4 Fighting
 + Level 1.4 Long Blades
 + Level 2.7 Dodging
 + Level 2.5 Stealth
 + Level 2.6 Spellcasting
 + Level 2.0 Conjurations
 + Level 3.8 Fire Magic


You had 2 spell levels left.
You knew the following spells:

 Your Spells              Type           Power        Failure   Level  Hunger
a - Flame Tongue          Conj/Fire      ##...        8%          1    #......
b - Conjure Flame         Conj/Fire      ##......     17%         3    ###....
c - Inner Flame           Hex/Fire       #.......     28%         3    ###....


Dungeon Overview and Level Annotations

Branches:
Dungeon (3/15)

Altars:
Ashenzari
Pakellas
Yredelemnul


Innate Abilities, Weirdness & Mutations

Your plain brown scales are hard. (AC +5)
Your body does not fit into most forms of armour.
You are cold-blooded and may be slowed by cold attacks.


Message History

You hit the goblin.
You kill the goblin!
The goblin closely misses you. Robin hits you but does no damage.
The goblin hits you but does no damage.
You hit the goblin.
You kill the goblin!
Robin barely misses you. The goblin closely misses you.
Robin roars a battlecry!
The goblins go into a battle-frenzy!
Robin hits you from afar with a spear.
You see here a club.
You hit the goblin.
The goblin explodes!
The fiery explosion engulfs Robin.
You kill Robin!
The fiery explosion engulfs you!
* * * LOW HITPOINT WARNING * * *
You are engulfed in roaring flames.
Ouch! That really hurt!
You die...

#..### #..<.
###..##.###
###..........
..###.###.##. #.##....#
#.##..#.# ######
#######.##†.#§####.#..#
g.$...gggggg.§§@......#
#.......###.####...#.##
#.......# ### #...#
g....._.#
#####..÷####.###
.........
#.....#......#..
....⌠....
#.#####.######.# .
......... #..# #.# #...
.._....... ###.### #.#
#..# ##.....###.###...


You could see 2 hobgoblins and 2 goblins.

Vanquished Creatures
  An orc wizard (D:2)
  Robin (D:3)
  5 adders
  A worm (D:2)
  4 dart slugs
  A giant gecko (D:2)
  6 orcs (D:3)
  6 bats
  4 giant cockroaches
  5 goblins
  7 hobgoblins
  3 jackals (D:2)
  A quokka (D:2)
  3 giant newts
  6 kobolds
  12 rats
66 creatures vanquished.

Notes
Turn   | Place    | Note
-------+----------+-------------------------------------------
     0 | D:1      | Gagarin the Draconian Fire Elementalist began the quest for the Orb.
     0 | D:1      | Reached XP level 1. HP: 14/14 MP: 3/3
   438 | D:1      | Reached XP level 2. HP: 20/20 MP: 0/5
  1206 | D:2      | Reached XP level 3. HP: 25/26 MP: 1/6
  1449 | D:2      | Learned a level 3 spell: Conjure Flame
  1780 | D:2      | Reached XP level 4. HP: 33/33 MP: 7/7
  1836 | D:2      | Found an oddly glowing altar of Pakellas.
  2037 | D:2      | Learned a level 3 spell: Inner Flame
  2278 | D:3      | Reached skill level 1 in Long Blades
  2582 | D:3      | Reached XP level 5. HP: 28/39 MP: 7/9
  2654 | D:3      | Found a shattered altar of Ashenzari.
  2654 | D:3      | Found a basalt altar of Yredelemnul.
  2657 | D:3      | Noticed Robin
  2675 | D:3      | Killed Robin
  2675 | D:3      | Engulfed by a cloud of flame

Vault maps used:
D:1:      lemuel_arrival_broad_hall, grunt_decor_one_mirror
D:2:      grunt_pakellas_basics
D:3:      grunt_temple_overflow_open, uniq_natasha, uniq_robin

Skill      XL: |  1  2  3  4 |
---------------+-------------+-----
Stealth        | 2 |  2.5
Dodging        | 2 |  2.7
Long Blades    | 1 |  1.4
Conjurations   | 2 |  2.0
Fighting       | |  0.4
Spellcasting   | |  2.6
Fire Magic     | |  3.8

Action                   |  1- 3 |  4- 6 || total
-------------------------+-------+-------++-------
Melee: Unarmed           |    27 |       ||    27
       Tailslap          |     4 |     6 ||    10
       Spear             |    13 |       ||    13
       Falchion          |    53 |    80 ||   133
 Cast: Flame Tongue      |    31 |    18 ||    49
       Conjure Flame     |     1 |     2 ||     3
       Inner Flame       |       |     1 ||     1
  Use: Potion            |     1 |       ||     1
 Stab: Sleeping          |     2 |     2 ||     4
  Eat: Chunk             |     3 |     4 ||     7
Armor: Skin              |    23 |    21 ||    44
Dodge: Dodged            |    76 |    57 ||   133
